 Dungeon Crawl Stone Soup version 0.20.1-1-g8b1a95d (webtiles) character file.

111 KoningWillie the Covered (level 4, -7/40 HPs)
             Began as a Minotaur Fighter on Nov 3, 2017.
             Was a Follower of the Shining One.
             Mangled by a gnoll
             ... wielding a +0 club
              (9 damage)
             ... on level 2 of the Dungeon.
             The game lasted 00:02:45 (1115 turns).

KoningWillie the Covered (Minotaur Fighter)         Turns: 1115, Time: 00:02:46

Health: -7/40      AC:  8    Str: 22    XL:     4   Next: 62%
Magic:  3/3        EV:  7    Int:  5    God:    the Shining One [*.....]
Gold:   101        SH:  9    Dex:  9    Spells: 3/3 levels left

rFire    . . .     SeeInvis .   a - +1 long sword
rCold    . . .     Gourm    .   c - +0 shield
rNeg     . . .     Faith    .   b - +1 scale mail
rPois    .         Spirit   .   (helmet restricted)
rElec    .         Reflect  .   (no cloak)
rCorr    .         Harm     .   (no gloves)
MR       .....                  (no boots)
Stlth    ..........             (no amulet)
Regen    0.2/turn               (no ring)
MPRegen  0.1/turn               (no ring)

@: glowing
A: retaliatory headbutt, horns 2
a: Renounce Religion


You were on level 2 of the Dungeon.
You worshipped the Shining One.
The Shining One was aware of your devotion.
You were not hungry.

You visited 1 branch of the dungeon, and saw 2 of its levels.

You collected 101 gold pieces.

Inventory:

Hand Weapons
 a - a +1 long sword (weapon)
Armour
 b - a +1 scale mail (worn)
 c - a +0 shield (worn)
Jewellery
 g - a cursed -4 ring of protection {unknown}
 k - an uncursed amulet of harm {unknown}
 l - an uncursed ring of protection from cold
Scrolls
 h - a scroll of identify
 m - a scroll of remove curse {unknown}
Potions
 d - a potion of might
 e - a potion of berserk rage {unknown}
 j - 2 potions of mutation {unknown}
 n - 2 potions of brilliance {unknown}
 o - 2 potions of degeneration {unknown}
 p - a potion of ambrosia {unknown}
Comestibles
 f - a bread ration
 i - 2 royal jellies


   Skills:
 + Level 4.3 Fighting
 + Level 3.9 Long Blades
 + Level 4.4 Armour
 + Level 0.4 Dodging
 + Level 4.4 Shields


You had 3 spell levels left.
You didn't know any spells.

Dungeon Overview and Level Annotations

Branches:
Dungeon (2/15)

Altars:
Trog
Uskayaw
The Shining One


Innate Abilities, Weirdness & Mutations

You reflexively headbutt those who attack you in melee.
You have a pair of horns on your head.


Message History

* * * LOW HITPOINT WARNING * * *
You block the gnoll's attack.
You slash the gnoll!
You kill the gnoll!
The gnoll hits you with a club.
* * * LOW HITPOINT WARNING * * *
You block the gnoll's attack. The gnoll barely misses you.
You furiously retaliate!
You headbutt the gnoll.
Your shield prevents you from hitting the gnoll.
Your headbutt misses the gnoll. The gnoll hits you with a club.
The Shining One protects you from harm! The gnoll completely misses you.
You furiously retaliate!
You headbutt the gnoll, but do no damage.
You slash the gnoll!
The gnoll is almost dead.
The gnoll completely misses you. You block the gnoll's attack.
You slash the gnoll!
You kill the gnoll!
The gnoll hits you with a club!
You die...

##########
#######)........
#########......)......#
#.......................
#.#######.#####g#####.###.
#.# #.# #..@))?.....#
#.#######.# #.####.####..
...))))).(# #.# ...
...######## #.# ....#
#..####### #.# ....#
#......... #.. _.....
#.######## #.# ....#.. #.#
..# ....#.. #.##


You could see a gnoll.

Vanquished Creatures
  Robin (D:2)
  3 gnolls (D:2)
  2 adders (D:2)
  3 dart slugs (D:1)
  2 bats (D:1)
  5 hobgoblins
  7 kobolds
  3 frilled lizards
  16 goblins
  3 rats (D:1)
45 creatures vanquished.

Notes
Turn   | Place    | Note
-------+----------+-------------------------------------------
     0 | D:1      | KoningWillie the Minotaur Fighter began the quest for the Orb.
     0 | D:1      | Reached XP level 1. HP: 19/19 MP: 0/0
    66 | D:1      | Reached XP level 2. HP: 27/27 MP: 1/1
   811 | D:2      | Reached XP level 3. HP: 33/33 MP: 2/2
   847 | D:2      | Found a bloodstained altar of Trog.
   911 | D:2      | Found a faded altar of an unknown god.
   930 | D:2      | Became a worshipper of the Shining One
   930 | D:2      | Reached * piety under the Shining One
   973 | D:2      | Noticed Robin
   981 | D:2      | Killed Robin
   987 | D:2      | Reached XP level 4. HP: 31/40 MP: 3/3
  1077 | D:2      | Found a hide-covered altar of Uskayaw.
  1112 | D:2      | HP: 2/40 [gnoll/club (4)]
  1113 | D:2      | The Shining One protects you from harm!
  1115 | D:2      | Mangled by a gnoll

Skill      XL: |  1  2  3 |
---------------+----------+-----
Shields        | 4 |  4.4
Armour         | 4 |  4.4
Long Blades    | 3 |  3.9
Fighting       | 4 |  4.3
Dodging        | |  0.4

Action                   |  1- 3 |  4- 6 || total
-------------------------+-------+-------++-------
Melee: Long sword        |    70 |    40 ||   110
       Headbutt          |    11 |     3 ||    14
  Use: Scroll            |     5 |       ||     5
  Eat: Bread ration      |       |     1 ||     1
Armor: Scale mail        |    30 |    20 ||    50
Dodge: Dodged            |    21 |    13 ||    34
Block: Shield            |    37 |    19 ||    56
       Rpst.: Long sword |     8 |     2 ||    10
